Map: [ESL] Hard Lead

Players

Harstem - Winner!

  • Race: Protoss Protoss
  • League: Grandmaster
  • Spawn Location: 5:00

DnS

  • Race: Protoss Protoss
  • Spawn Location: 11:00

Event: HomeStory Cup XXIV

VOD

Have the link to the VOD?

Description

Time

  • Played on: Dec. 1, 2023, 10:11 a.m.
  • Length: 9:39

All games in this series

Show
View Real Time Build Order
Export as new Build Order

Harstem Protoss - Winner!

Build Orders: Oracle Opening 

Get SALT Encoding   

  12  0:00  Probe  
  13  0:12  Probe  
  14  0:17  Pylon  
  14  0:24  Probe (Chrono Boost)  
  15  0:36  Probe (Chrono Boost)  
  15  0:38  Gateway  
  16  0:44  Probe (Chrono Boost)  
  16  0:47  Assimilator  
  17  0:51  Probe  
  17  0:54  Assimilator  
  18  1:03  Probe (Chrono Boost)  
  19  1:07  Gateway  
  20  1:12  Probe (Chrono Boost)  
  20  1:17  Probe (Chrono Boost)  
  20  1:25  Cybernetics Core  
  21  1:29  Probe  
  22  1:36  Pylon  
  22  1:41  Probe  
  23  1:54  Probe  
  23  1:59  Warp Gate (Chrono Boost)  
  24  2:02  Stalker  
  24  2:06  Sentry, Probe  
  29  2:09  Pylon  
  29  2:18  Probe  
  30  2:25  Oracle  
  30  2:29  Stalker  
  31  2:40  Nexus  
  31  2:41  Probe  
  32  2:44  Sentry  
  34  2:53  Pylon  
  34  2:54  Probe  
  35  3:06  Twilight Council  
  35  3:07  Probe  
  36  3:19  Probe  
  37  3:26  Robotics Facility, Shield Battery  
  37  3:29  Shield Battery  
  37  3:35  Probe  
  37  3:40  Sentry  
  37  3:41  Stalker  
  42  3:47  Probe  
  43  4:05  Stalker x2  
  47  4:11  Immortal (Chrono Boost)  
  51  4:19  Pylon, Probe  
  51  4:20  Probe  
  53  4:29  Sentry, Zealot  
  57  4:33  Pylon  
  57  4:42  Immortal (Chrono Boost)  
  59  4:54  Probe  
  59  4:55  Zealot x2  
  59  4:58  Shield Battery  
  64  5:00  Shield Battery  
  64  5:11  Probe  
  64  5:12  Probe  
  66  5:15  Immortal (Chrono Boost)  
  66  5:16  Stalker  
  66  5:17  Phoenix  
  66  5:20  Stalker  
  74  5:23  Probe  
  74  5:24  Probe  
  76  5:35  Probe  
  73  5:36  Probe  
  73  5:38  Assimilator  
  74  5:47  Probe  
  74  5:48  Twilight Council, Probe  
  76  5:53  Warp Prism (Chrono Boost)  
  78  5:57  Pylon  
  78  6:00  Pylon  
  78  6:03  Phoenix  
  78  6:09  Nexus  
  78  6:15  Probe x2  
  80  6:20  Blink (Chrono Boost)  
  80  6:26  Stalker  
  80  6:27  Probe  
  80  6:28  Observer (Chrono Boost), Stalker  
  80  6:32  Probe  
  87  6:34  Pylon  
  87  6:42  Pylon  
  87  6:45  Probe  
  88  6:49  Stalker  
  88  6:50  Probe  
  88  6:54  Gateway, Phoenix  
  91  7:00  Stalker  
  93  7:06  Probe  
  93  7:07  Probe  
  95  7:09  Gateway  
  95  7:12  Stalker, Forge  
  97  7:15  Pylon  
  97  7:18  Probe  
  97  7:19  Probe  
  99  7:23  Stalker  
  99  7:24  Probe  
  99  7:27  Observer  
  103  7:32  Probe  
  103  7:33  Probe  
  103  7:36  Stalker, Probe  
  106  7:48  Stalker x2  
  106  7:49  Probe  
  106  7:50  Protoss Ground Weapons Level 1 (Chrono Boost)  
  111  7:55  Probe  
  112  7:59  Gateway  
  112  8:03  Gateway  
  112  8:04  Stalker x2  
  114  8:06  Probe  
  114  8:08  Shield Battery, Pylon  
  114  8:12  Adept x2  
  117  8:20  Photon Cannon  
  117  8:24  Assimilator  
  117  8:30  Stalker x2  
  117  8:31  Nexus  
  121  8:34  Stalker  
  113  8:51  Probe, Stalker  
  113  8:52  Probe  
  109  8:57  Stalker x4  
  109  9:00  Stalker  
  109  9:02  Probe  
  117  9:15  Stalker  
  115  9:18  Probe x2  
  115  9:21  Gateway, Stalker x2, Pylon  
  115  9:22  Stalker  
  115  9:23  Gateway  
  123  9:25  Pylon  
  123  9:27  Adept x2  
Show
View Real Time Build Order
Export as new Build Order

DnS Protoss 

Build Orders:  

Get SALT Encoding   

  12  0:00  Probe  
  13  0:12  Probe  
  14  0:17  Pylon  
  14  0:24  Probe (Chrono Boost)  
  15  0:36  Probe (Chrono Boost)  
  15  0:38  Gateway  
  16  0:44  Probe (Chrono Boost)  
  16  0:47  Assimilator  
  17  0:51  Probe  
  17  0:54  Assimilator  
  18  1:03  Probe (Chrono Boost)  
  19  1:06  Gateway  
  20  1:12  Probe (Chrono Boost)  
  20  1:17  Probe (Chrono Boost)  
  20  1:25  Cybernetics Core  
  21  1:29  Probe  
  22  1:33  Pylon  
  22  1:41  Probe  
  23  1:55  Probe  
  23  2:00  Stalker x2  
  18  2:01  Warp Gate  
  28  2:07  Pylon  
  28  2:18  Shield Battery  
  28  2:30  Stalker x2  
  31  2:48  Robotics Facility  
  31  2:49  Gateway  
  31  3:02  Stalker x2  
  35  3:09  Pylon  
  35  3:21  Shield Battery  
  35  3:32  Warp Prism (Chrono Boost)  
  37  3:55  Stalker x3  
  43  4:03  Observer  
  43  4:06  Pylon  
  44  4:23  Stalker  
  46  4:24  Stalker x2  
  50  4:32  Pylon  
  44  4:55  Stalker x3  
  50  5:19  Nexus  
  50  5:30  Probe  
  51  5:39  Sentry  
  51  5:40  Sentry x2, Observer  
  57  5:43  Pylon  
  57  5:45  Probe  
  58  5:57  Probe  
  58  5:58  Twilight Council  
  58  6:02  Observer  
  59  6:04  Sentry  
  59  6:09  Probe  
  62  6:22  Adept x2  
  62  6:24  Observer  
  66  6:33  Probe x2 (Chrono Boost)  
  66  6:36  Blink (Chrono Boost)  
  68  6:43  Probe x2 (Chrono Boost)  
  70  6:49  Probe  
  70  6:51  Probe (Chrono Boost)  
  72  7:03  Probe (Chrono Boost)  
  72  7:07  Probe (Chrono Boost)  
  73  7:11  Probe (Chrono Boost)  
  73  7:13  Nexus  
  73  7:14  Probe (Chrono Boost)  
  75  7:16  Pylon  
  75  7:20  Probe  
  76  7:25  Probe  
  76  7:29  Pylon  
  77  7:32  Stalker x2  
  77  7:33  Stalker  
  83  7:38  Observer  
  82  7:47  Probe  
  82  7:50  Gateway  
  83  7:53  Gateway  
  83  7:55  Gateway  
  82  8:05  Probe x2  
  82  8:06  Stalker x2  
  82  8:08  Assimilator  
  82  8:11  Stalker  
  86  8:20  Probe (Chrono Boost)  
  86  8:23  Forge  
  86  8:26  Probe x2 (Chrono Boost)  
  88  8:29  Shield Battery  
  88  8:31  Stalker  
  91  8:35  Probe (Chrono Boost)  
  91  8:37  Probe (Chrono Boost)  
  90  8:44  Immortal (Chrono Boost)  
  84  8:54  Stalker x3  
  80  8:56  Zealot  
  80  9:02  Zealot x2  
  82  9:17  Stalker x2  
  82  9:18  Stalker x2  
  88  9:31  Zealot x2  
Tags
 
Add a new tag
Caveats
  • Supply blocks, unpowered buildings, or Contaminate may cause inaccurate times.
  • Supply counts are checked every 10 seconds.